Map: Port Aleksander LE

Players

BadFaith

  • Race: Zerg Zerg
  • League: Platinum
  • Spawn Location: 5:00

Hellbatman - Winner!

  • Race: Terran Terran
  • Spawn Location: 11:00

VOD

Have the link to the VOD?

Description

Time

  • Played on: Dec. 8, 2018, 9:10 a.m.
  • Length: 17:46
Show
View Real Time Build Order
Export as new Build Order

BadFaith Zerg 

Build Orders: Hatch First 

Get SALT Encoding   

  12  0:01  Drone  
  13  0:13  Overlord  
  13  0:18  Drone  
  14  0:31  Drone x2  
  14  0:35  Drone  
  17  0:55  Hatchery  
  16  0:57  Drone  
  16  1:02  Extractor  
  16  1:03  Drone  
  17  1:17  Spawning Pool  
  16  1:21  Drone  
  16  1:24  Drone  
  18  1:28  Drone  
  19  1:39  Drone  
  20  1:50  Overlord  
  20  2:00  Drone  
  21  2:04  Metabolic Boost  
  21  2:06  Queen  
  21  2:08  Zergling x2  
  24  2:11  Drone  
  25  2:17  Drone  
  26  2:23  Queen  
  26  2:26  Drone  
  29  2:30  Drone  
  29  2:32  Drone  
  30  2:41  Spine Crawler  
  29  2:45  Drone x2  
  32  3:00  Drone  
  32  3:01  Drone  
  32  3:04  Hatchery  
  32  3:05  Drone  
  34  3:07  Drone  
  34  3:11  Drone  
  36  3:19  Overlord  
  36  3:33  Spine Crawler  
  35  3:34  Queen, Spine Crawler  
  35  3:37  Spine Crawler, Zergling x4  
  35  3:39  Zergling x2  
  38  3:51  Zergling x10  
  43  4:02  Overlord  
  43  4:04  Drone  
  44  4:15  Queen  
  45  4:25  Drone x4  
  48  4:34  Queen  
  46  4:39  Drone x5  
  46  4:45  Zergling x2  
  49  4:49  Drone  
  50  4:57  Overlord x2  
  50  5:02  Extractor  
  50  5:03  Extractor  
  48  5:08  Overlord x2  
  48  5:12  Spore Crawler, Evolution Chamber x2  
  45  5:14  Extractor, Spore Crawler  
  45  5:15  Queen  
  45  5:16  Drone x5  
  45  5:18  Drone  
  45  5:19  Drone  
  52  5:30  Drone x5  
  52  5:31  Drone  
  58  5:40  Drone x2  
  58  5:41  Drone  
  61  5:50  Zergling x4  
  61  5:56  Zergling x2  
  66  5:57  Zergling x4  
  66  5:58  Queen  
  66  6:00  Lair  
  66  6:01  Zerg Ground Armor Level 1  
  66  6:02  Zerg Melee Weapons Level 1  
  66  6:03  Drone  
  70  6:04  Drone  
  70  6:13  Drone x3  
  58  7:07  Extractor  
  55  7:09  Extractor  
  54  7:18  Drone x6  
  54  7:19  Hydralisk Den, Drone x6  
  54  7:20  Drone  
  66  7:25  Overlord x4  
  66  7:26  Overlord  
  58  7:57  Hydralisk x10  
  78  8:01  Zerg Missile Weapons Level 1  
  78  8:06  Muscular Augments  
  78  8:08  Hydralisk  
  80  8:21  Drone  
  81  8:34  Overlord x4  
  81  8:35  Overlord  
  81  8:57  Hydralisk x11  
  81  9:02  Extractor  
  102  9:03  Hatchery  
  102  9:04  Extractor  
  102  9:07  Hydralisk  
  102  9:08  Spire  
  101  9:23  Hydralisk x3  
  107  9:36  Hydralisk x4  
  115  9:54  Overseer x2  
  115  9:55  Overseer  
  115  9:58  Drone x7  
  122  10:01  Overlord  
  122  10:02  Overlord x3  
  122  10:13  Overlord x2  
  122  10:17  Zerg Ground Armor Level 2  
  122  10:18  Zerg Missile Weapons Level 2  
  122  10:22  Corruptor  
  122  10:28  Drone x9  
  133  10:39  Corruptor x2  
  133  10:42  Corruptor  
  99  10:59  Corruptor x2  
  99  11:00  Corruptor  
  99  11:01  Corruptor  
  87  11:07  Corruptor  
  89  11:11  Corruptor  
  91  11:21  Queen  
  91  11:22  Corruptor  
  91  11:23  Corruptor  
  97  11:26  Corruptor  
  97  11:31  Corruptor  
  101  11:37  Zergling x2  
  101  11:38  Corruptor  
  104  11:44  Corruptor  
  104  11:45  Corruptor  
  108  11:50  Corruptor  
  110  12:04  Corruptor  
  110  12:05  Corruptor  
  114  12:08  Extractor  
  114  12:09  Hatchery  
  112  12:19  Corruptor x2  
  112  12:20  Corruptor x2  
  120  12:36  Corruptor x3  
  114  12:51  Corruptor x3  
  116  13:00  Drone x8  
  124  13:12  Corruptor x2  
  128  13:33  Corruptor x2  
  128  13:34  Corruptor x2  
  136  13:45  Corruptor x2  
  138  14:13  Hydralisk x4  
  138  14:14  Hydralisk x5  
  152  14:25  Hydralisk x3  
  131  14:39  Hydralisk x3  
  131  14:40  Hydralisk  
  113  15:25  Mutalisk x5  
  114  15:51  Mutalisk  
  114  15:52  Mutalisk  
  118  15:58  Mutalisk  
  120  16:14  Mutalisk  
  122  16:26  Mutalisk  
  122  16:27  Mutalisk  
  126  16:37  Drone x9  
  126  16:38  Drone  
  136  16:41  Drone  
  136  16:44  Hatchery  
  136  16:45  Extractor  
  136  16:46  Extractor  
Show
View Real Time Build Order
Export as new Build Order

Hellbatman Terran - Winner!

Build Orders: Gas First Reaper Expand, Mech 

Get SALT Encoding   

  12  0:01  SCV  
  13  0:13  SCV  
  14  0:18  Supply Depot  
  14  0:25  SCV  
  15  0:30  Refinery  
  15  0:39  SCV  
  16  0:46  Barracks  
  16  0:52  SCV  
  17  1:04  SCV  
  18  1:16  SCV  
  19  1:32  Orbital Command  
  19  1:33  Reaper  
  20  1:46  Command Center  
  20  1:58  SCV  
  20  2:01  Factory  
  21  2:07  Barracks Reactor  
  21  2:11  Supply Depot  
  21  2:14  SCV  
  22  2:18  Refinery  
  22  2:26  SCV  
  23  2:38  SCV  
  24  2:51  Starport  
  24  2:52  SCV  
  24  2:54  Hellion x2  
  29  3:00  Orbital Command  
  29  3:18  Hellion x2  
  29  3:19  SCV  
  34  3:26  SCV  
  35  3:30  Viking  
  37  3:35  SCV  
  38  3:42  Fusion Core  
  38  3:45  SCV  
  38  3:47  SCV  
  40  3:51  Supply Depot  
  40  4:04  Starport Tech Lab  
  40  4:11  SCV x2  
  40  4:14  Supply Depot  
  42  4:23  SCV x2  
  44  4:35  SCV  
  44  4:36  SCV  
  44  4:48  SCV x2  
  44  4:52  Command Center, Battlecruiser  
  52  4:58  Refinery  
  52  4:59  Refinery  
  52  5:00  SCV x2  
  52  5:02  Supply Depot  
  54  5:09  Hellion x2  
  54  5:12  SCV x2  
  60  5:24  SCV x2  
  62  5:37  SCV x2  
  62  5:40  Hellion x2  
  68  5:48  Command Center  
  68  5:49  SCV x2  
  70  6:04  SCV x2, Battlecruiser  
  78  6:05  Supply Depot x2  
  78  6:06  Barracks Tech Lab  
  78  6:08  Orbital Command  
  78  6:09  Armory  
  78  6:10  Armory, Factory  
  78  6:19  Factory  
  78  6:32  SCV x2  
  80  6:34  SCV  
  80  6:38  Hellion x2, Supply Depot  
  80  6:39  Supply Depot  
  85  6:47  Barracks Tech Lab  
  85  6:52  SCV x3  
  88  7:10  Terran Vehicle Weapons Level 1, Terran Vehicle And Ship Armor Level 1  
  88  7:14  Supply Depot x2  
  88  7:18  Orbital Command  
  88  7:22  Hellion x2, Siege Tank  
  95  7:28  Refinery  
  95  7:29  Orbital Command  
  95  7:31  Factory, Refinery  
  95  7:34  Barracks Tech Lab  
  95  7:36  SCV x2  
  96  7:53  SCV x3  
  99  7:59  Hellion x2, Siege Tank x2  
  99  8:05  SCV  
  110  8:07  SCV  
  110  8:08  SCV  
  112  8:24  Factory, SCV  
  112  8:25  SCV x2  
  112  8:26  SCV  
  116  8:29  Barracks Reactor  
  116  8:36  SCV  
  116  8:37  SCV x2  
  116  8:38  Command Center, SCV  
  116  8:40  Thor x3  
  140  8:41  Hellion x2  
  140  8:46  Engineering Bay  
  142  8:56  Infernal Pre-Igniter  
  143  9:06  Battlecruiser  
  148  9:12  Factory  
  148  9:17  Barracks Reactor  
  148  9:18  Factory  
  148  9:21  Factory  
  148  9:31  Missile Turret  
  148  9:32  Terran Vehicle Weapons Level 2  
  148  9:35  Command Center  
  148  9:36  Terran Vehicle And Ship Armor Level 2  
  148  9:37  Missile Turret  
  148  9:39  Supply Depot  
  148  9:40  Supply Depot  
  148  9:41  Supply Depot  
  148  9:43  Supply Depot  
  148  9:44  Missile Turret, Supply Depot  
  148  9:49  Missile Turret  
  148  9:56  Planetary Fortress  
  148  9:59  Missile Turret  
  148  10:08  Refinery  
  148  10:10  Supply Depot  
  148  10:12  Refinery  
  148  10:14  Factory Tech Lab x2  
  148  10:19  Supply Depot  
  148  10:23  Weapon Refit  
  148  10:25  Raven  
  127  11:10  Thor x2, Siege Tank x3  
  150  11:11  Hellion x2  
  150  11:12  Hellion x4  
  150  11:14  Drilling Claws, Mag-Field Accelerator  
  150  11:15  Smart Servos  
  160  11:21  Planetary Fortress  
  160  11:24  Missile Turret  
  160  11:36  Refinery x2  
  160  11:37  Command Center  
  160  11:39  Command Center  
  160  11:42  Command Center  
  160  11:45  Command Center  
  160  11:51  Siege Tank x3  
  160  11:53  Terran Vehicle Weapons Level 3  
  169  12:04  Terran Vehicle And Ship Armor Level 3  
  169  12:06  Hellion x3  
  169  12:07  Hellion x3  
  159  13:07  Starport  
  159  13:08  Starport  
  159  13:09  Starport  
  159  13:11  Starport  
  159  13:13  Starport  
  159  13:17  Starport  
  159  13:21  Orbital Command  
  159  13:22  Orbital Command  
  159  13:26  Missile Turret  
  159  13:29  Missile Turret  
  159  13:30  Missile Turret  
  159  13:32  Thor x2  
  159  13:33  Thor x3  
  189  13:35  Hellion x5  
  189  13:39  Missile Turret  
  189  13:40  Missile Turret x2  
  199  13:44  Command Center  
  199  13:56  Planetary Fortress, Hellion x10  
  199  14:00  Missile Turret  
  199  14:04  Missile Turret  
  199  14:45  Missile Turret x2  
  199  14:48  Command Center  
  199  14:57  Neosteel Armor  
  199  14:59  Terran Ship Weapons Level 1  
  199  15:04  Missile Turret  
  193  15:36  Starport Tech Lab  
  193  15:37  Starport Tech Lab x3  
  193  15:38  Starport Reactor x2  
  193  15:43  Planetary Fortress  
  193  15:50  Missile Turret  
  193  15:51  Missile Turret  
  193  16:18  Thor  
  193  16:19  Missile Turret  
  193  16:20  Missile Turret  
  198  16:26  Missile Turret  
  198  16:27  Missile Turret  
  198  16:29  Missile Turret  
  198  16:31  Missile Turret  
  198  16:32  Missile Turret x2  
  198  16:37  Hi-Sec Auto Tracking  
  198  16:47  Command Center  
  192  17:15  Missile Turret  
  192  17:23  Missile Turret x2  
  192  17:25  Missile Turret x2  
Tags
 
Add a new tag
Caveats
  • Supply blocks, unpowered buildings, or Contaminate may cause inaccurate times.
  • Supply counts are checked every 10 seconds.